 Dungeon Crawl Stone Soup version 0.29.0-13-gc9e81de378 (webtiles) character file.

Game seed: 3791105243603804013

26 H0rd4k the Charlatan (level 3, -1/26 HPs)
             Began as a Human Artificer on Sept 8, 2022.
             Slain by a gnoll
             ... wielding a +0 halberd
              (13 damage)
             ... on level 2 of the Dungeon.
             The game lasted 00:00:59 (1820 turns).

H0rd4k the Charlatan (Human Artificer)              Turns: 1820, Time: 00:01:00

Health: -1/26      AC:  3    Str: 12    XL:     3   Next: 22%
Magic:  3/3        EV: 11    Int: 13    God:
Gold:   112        SH:  0    Dex: 13    Spells: 2/2 levels left

rFire   . . .      SeeInvis .   a - +0 club
rCold   . . .      Faith    .   (no shield)
rNeg    . . .      Spirit   .   b - +0 leather armour
rPois   .          Reflect  .   (no helmet)
rElec   .          Harm     .   i - scarf {+Inv}
rCorr   .          Rampage  .   (no gloves)
Will    .....                   (no boots)
Stlth   +.........              (no amulet)
HPRegen 0.08/turn               (no ring)
MPRegen 0.08/turn               (no ring)

@: no status effects
A: no striking features
a: Evoke Invisibility


You were on level 2 of the Dungeon.
You visited 1 branch of the dungeon, and saw 2 of its levels.

You collected 112 gold pieces.

Inventory:

Hand Weapons
 a - a +0 club (weapon)
Armour
 b - a +0 leather armour (worn)
 i - a scarf of invisibility (worn)
Jewellery
 g - a ring of ice
Wands
 c - a wand of flame (15) (quivered)
 d - a wand of charming (12)
 e - a wand of iceblast (5)
Scrolls
 h - a scroll of enchant armour {unknown}
 l - a scroll of brand weapon {unknown}
 n - a scroll of immolation {unknown}
Potions
 f - a potion of haste {unknown}
 j - a potion of berserk rage {unknown}
 k - 2 potions of degeneration {unknown}
 m - a potion of curing {unknown}
 o - a potion of lignification {unknown}


   Skills:
 + Level 1.6 Fighting
 + Level 1.4 Maces & Flails
 - Level 2.0 Armour
 + Level 1.9 Dodging
 - Level 1.0 Stealth
 - Level 3.0 Evocations


You had 2 spell levels left.
You didn't know any spells.
Your spell library contained the following spells:

 Spells                   Type           Power      Damage    Failure   Level
 Magic Dart               Conj           0%         1d3       36%         1
 Call Imp                 Summ           0%         N/A       52%         2
 Mephitic Cloud           Conj/Pois/Air  0%         N/A       75%         3


Dungeon Overview and Level Annotations

Branches:
Dungeon (2/15)

Altars:

Shops:
D:1 *(


Message History

You are too injured to fight recklessly!
The kobold shouts!
You hit the gnoll.
The gnoll is severely wounded.
You hear a shout! x2
The gnoll closely misses you.
A kobold comes into view. It is wielding a +0 dagger.
Aiming: Charm
Press: ? - help, Shift-Dir - straight line, f - gnoll
Aim: a gnoll, wielding a +0 whip (severely wounded, chance to affect: 65%)
The gnoll is charmed.
Unknown command.
You swap places.
The kobold hits your gnoll with a +0 short sword.
What are your orders? t - Shout!
Orders for allies: a - Attack new target. p - Attack previous target. r - Retreat! s - Stop attacking. g - Guard the area. f - Follow me.
Anything else - Cancel.
Guard this area!
Your gnoll barely misses the kobold.
A gnoll comes into view. It is wielding a +0 halberd.
The kobold throws a stone.
The stone hits your gnoll.
Your gnoll hits the kobold with a +0 whip!
The kobold dies!
A gnoll comes into view. It is wielding a +0 halberd.
The gnoll misses you. Something hits your gnoll.
Your gnoll dies!
You have reached level 3!
Your experience leads to an increase in your attributes!
Increase (S)trength, (I)ntelligence, or (D)exterity?
You feel clever. x2
A gnoll comes into view. It is wielding a +0 club.
Aiming: Charm
Press: ? - help, Shift-Dir - straight line, f - gnoll
Aim: a gnoll, wielding a +0 halberd (chance to affect: 65%)
The gnoll struggles to resist.
The gnoll hits you from afar with a +0 halberd!
Ouch! That really hurt!
You die...

...## #.# .##.
###..# #.####.#.#
#.g..####.......##
#....##......>.#
#..#.##.......# #
##)K...........#.#
#.)##.##)........#
##.##.##.......#.#
#..@.##.......#.#
#g##.....#......#
.g.##.....###.....
######.....#
#..### # #.....#
#..### .#
#.....###....# #.
###.......# # #.
######..##.##.# #.
##.## #........#


You could see 2 gnolls.

Vanquished Creatures
  2 bats
  An endoplasm (D:1)
  A giant cockroach (D:2)
  5 goblins
  2 quokkas
  A frilled lizard (D:2)
  A kobold (D:1)
13 creatures vanquished.

Vanquished Creatures (collateral kills)
  A hobgoblin (D:1)
  A kobold (D:2)
2 creatures vanquished.

Vanquished Creatures (others)
  A gnoll (D:2)
  7 toadstools (D:2)
8 creatures vanquished.

Grand Total: 23 creatures vanquished

Notes
Turn   | Place    | Note
-------+----------+-------------------------------------------
     0 | D:1      | H0rd4k the Human Artificer began the quest for the Orb.
     0 | D:1      | Reached XP level 1. HP: 15/15 MP: 1/1
   592 | D:1      | Reached XP level 2. HP: 17/21 MP: 2/2
   650 | D:1      | Found a faded altar of an unknown god.
   935 | D:1      | Found Unusoa Quse's General Store.
  1217 | D:1      | Found Ymeoggu's Weapon Shoppe.
  1348 | D:2      | Reached skill level 1 in Maces & Flails
  1819 | D:2      | Reached XP level 3. HP: 12/26 MP: 3/3
  1820 | D:2      | Slain by a gnoll

Illustrated notes

Levels and vault maps discovered:
D:1:      dpeg_arrival_renting, layout_loops_ring,
          ebering_ecumenical_altar_webs, serial_shops, nicolae_shop_waterfront,
          shop, minivault_23
D:2:      cheibrodos_fertilizer, layout_loops_cross, minmay_indecisive_spiral

Skill      XL: |  1  2 |
---------------+-------+-----
Maces & Flails | 1 |  1.4
Fighting       | |  1.6
Armour         | |  2.0
Dodging        | |  1.9
Stealth        | |  1.0
Evocations     | |  3.0

Action                   || total
-------------------------++-------
Melee: Club              ||    68
       Punch             ||     2
Evoke: Wand              ||     3
Armor: Leather armour    ||    24
Dodge: Dodged            ||    47
